 Dungeon Crawl Stone Soup version 0.20.0-8-g6b59dc7 (webtiles) character file.

78 straycat the Cutter (level 4, -2/32 HPs)
             Began as a Vampire Wanderer on May 30, 2017.
             Slain by a gnoll
             ... wielding a +0 spear
              (10 damage)
             ... on level 1 of the Dungeon.
             The game lasted 00:06:21 (1375 turns).

straycat the Cutter (Vampire Wanderer)              Turns: 1375, Time: 00:06:22

Health: -2/32      AC:  8    Str: 11    XL:     4   Next: 15%
Magic:  5/5        EV: 11    Int: 14    God:
Gold:   38         SH:  0    Dex: 14    Spells: 5/5 levels left

rFire    . . .     SeeInvis +   b - +0 short sword
rCold    . . .     Gourm    .   (no shield)
rNeg     + . .     Faith    .   i - +0 ring mail
rPois    .         Spirit   .   f - +2 helmet
rElec    .         Reflect  .   (no cloak)
rCorr    .         Harm     .   (no gloves)
MR       .....     Rnd*Tele +   (no boots)
Stlth    +.........             (no amulet)
Regen    0.1/turn               j - ring of teleportation (curse)
MPRegen  0.1/turn               (no ring)

@: no status effects
A: fangs 3, see invisible, unbreathing
a: Bat Form


You were on level 1 of the Dungeon.
You were not thirsty.

You visited 1 branch of the dungeon, and saw 2 of its levels.

You collected 38 gold pieces.

Inventory:

Hand Weapons
 b - a +0 short sword (weapon)
 m - a +0 hunting sling
Missiles
 g - 59 stones (quivered)
 k - 8 poisoned needles
 q - 26 bolts
Armour
 d - a +0 robe
 f - a +2 helmet (worn)
 h - a +0 shield
 i - a +0 ring mail (worn)
Jewellery
 j - a cursed ring of teleportation (left hand)
Wands
 a - a wand of enslavement (14/24)
Scrolls
 c - a scroll of teleportation
 n - a scroll of recharging {unknown}
 p - 2 scrolls of identify
 r - a scroll of remove curse {unknown}
Potions
 e - 10 potions of blood
 o - a potion of might {unknown}


   Skills:
 + Level 1.1 Fighting
 * Level 4.0 Short Blades
 + Level 1.0 Armour
 * Level 3.1 Dodging
 + Level 2.1 Stealth
 - Level 1.0 Spellcasting
   Level 1.0 Translocations
   Level 1.0 Poison Magic
 - Level 1.7 Evocations


You had 5 spell levels left.
You didn't know any spells.

Dungeon Overview and Level Annotations

Branches:
Dungeon (2/15)

Altars:


Innate Abilities, Weirdness & Mutations

You have razor-sharp teeth.
You have supernaturally acute eyesight. (SInv)
You can survive without breathing.


Message History

The gnoll is moderately wounded.
The gnoll hits you. The gnoll barely misses you.
You completely miss the gnoll.
The gnoll is moderately wounded.
The gnoll hits you but does no damage. The gnoll hits you with a spear.
* * * LOW HITPOINT WARNING * * *
You hit the gnoll but do no damage.
The gnoll is moderately wounded.
The gnoll hits you but does no damage. The gnoll hits you with a spear.
* * * LOW HITPOINT WARNING * * *
The gnoll hits you.
* * * LOW HITPOINT WARNING * * *
The gnoll hits you from afar with a spear.
* * * LOW HITPOINT WARNING * * *
There is a stone staircase leading down here.
The gnoll completely misses you. The gnoll hits you but does no damage.
The gnoll barely misses you.
You feel better. The gnoll misses you.
The gnoll hits you from afar with a spear!
You die...

#.......#
#.......#############
##.......##..........#
.........##...>...>..#
##.......##..........#
##########..........#
#.....g....#
###########.....g....#
.........##.....@....#
########.###..########
#.# #.## #.# #.# #.#
#.# # ##.# #.# ##
#..###.#
.######.##...#
...........###


You could see 2 gnolls.

Vanquished Creatures
  Jessica (D:2)
  An adder (D:2)
  An ooze (D:1)
  2 dart slugs (D:1)
  2 leopard geckos
  2 bats
  A giant cockroach (D:1)
  4 goblins (D:1)
  4 hobgoblins
  5 jackals (D:1)
  2 kobolds
  2 frilled lizards (D:1)
  3 rats
  A toadstool (D:1)
31 creatures vanquished.

Vanquished Creatures (others)
  3 toadstools (D:1)
3 creatures vanquished.

Grand Total: 34 creatures vanquished

Notes
Turn   | Place    | Note
-------+----------+-------------------------------------------
     0 | D:1      | straycat the Vampire Wanderer began the quest for the Orb.
     0 | D:1      | straycat set off with: a wand of enslavement (15/24), a +0 short sword, a scroll of teleportation, a +0 robe, a potion of blood
     0 | D:1      | Reached XP level 1. HP: 13/13 MP: 2/2
   317 | D:1      | Reached XP level 2. HP: 14/19 MP: 3/3
   637 | D:1      | Reached XP level 3. HP: 24/25 MP: 4/4
   900 | D:1      | Reached skill level 1 in Stealth
   973 | D:2      | Noticed Jessica
   981 | D:2      | Killed Jessica
   981 | D:2      | Reached skill level 1 in Fighting
   981 | D:2      | Reached skill level 4 in Short Blades
   981 | D:2      | Reached skill level 1 in Armour
  1018 | D:2      | Reached XP level 4. HP: 22/32 MP: 5/5
  1366 | D:1      | HP: 1/32 [gnoll/spear (2)]
  1375 | D:1      | Slain by a gnoll

Skill      XL: |  1  2  3  4 |
---------------+-------------+-----
Stealth        | 1 2 |  2.1
Fighting       | 1 |  1.1
Short Blades   | 4 |  4.0
Armour         | 1 |  1.0
Dodging        | 3 |  3.1
Spellcasting   | |  1.0
Translocations | |  1.0
Poison Magic   | |  1.0
Evocations     | |  1.7

Action                   |  1- 3 |  4- 6 || total
-------------------------+-------+-------++-------
Melee: Short sword       |   119 |    19 ||   138
       Bite              |     9 |     2 ||    11
 Abil: End Transformatio |       |     1 ||     1
       Bat Form          |       |     1 ||     1
Evoke: Wand              |     1 |       ||     1
  Use: Scroll            |     1 |       ||     1
       Potion            |       |     3 ||     3
Armor: Ring mail         |    47 |    15 ||    62
       Robe              |     1 |       ||     1
Dodge: Dodged            |    73 |    22 ||    95
